 Dungeon Crawl Stone Soup version 0.22-a0-322-g60b3cfd (webtiles) character file.

54 sankara the Firebug (level 3, -10/26 HPs)
             Began as a Draconian Fire Elementalist on Apr 2, 2018.
             Killed from afar by a white imp (12 damage)
             ... with a puff of frost
             ... summoned by Natasha
             ... on level 2 of the Dungeon.
             The game lasted 00:03:50 (1238 turns).

sankara the Firebug (Draconian Fire Elementalist)   Turns: 1238, Time: 00:03:51

Health: -10/26     AC:  8    Str: 10    XL:     3   Next: 66%
Magic:  5/7        EV: 12    Int: 16    God:
Gold:   70         SH:  0    Dex: 11    Spells: 6/7 levels left

rFire    . . .     SeeInvis .   a - +2 dagger (protect)
rCold    . . .     Gourm    .   (no shield)
rNeg     . . .     Faith    .   (armour unavailable)
rPois    .         Spirit   .   (helmet restricted)
rElec    .         Reflect  .   (no cloak)
rCorr    .         Harm     .   i - +2 pair of gloves
MR       .....                  (no boots)
Stlth    ++........             (no amulet)
HPRegen  0.08/turn              (no ring)
MPRegen  0.10/turn              (no ring)

@: very slightly contaminated, slowed, very slow
A: unfitting armour, cold-blooded, AC +5
a: no special abilities


You were on level 2 of the Dungeon.
You were not hungry.

You visited 1 branch of the dungeon, and saw 2 of its levels.

You collected 70 gold pieces.

Inventory:

Hand Weapons
 a - a +2 dagger of protection (weapon)
   (You took it off a kobold on level 1 of the Dungeon)
 c - a +0 spear
   (You found it on level 1 of the Dungeon)
Missiles
 f - 74 stones (quivered)
Armour
 i - a +2 pair of gloves (worn)
   (You found it on level 2 of the Dungeon)
Scrolls
 d - 2 scrolls of teleportation {unknown}
 e - 2 scrolls of enchant weapon {unknown}
 g - a scroll of fear {unknown}
 k - a scroll of blinking {unknown}
Potions
 j - a potion of might {unknown}
 l - 2 potions of curing {unknown}
Comestibles
 b - 2 rations
 h - 5 chunks of flesh {@w0}


   Skills:
 - Level 1.7 Dodging
 - Level 1.7 Stealth
 + Level 2.7 Spellcasting
 + Level 2.2 Conjurations
 + Level 3.6 Fire Magic


You had 6 spell levels left.
You knew the following spells:

 Your Spells              Type           Power        Failure   Level  Hunger
a - Flame Tongue          Conj/Fire      ##...        6%          1    #......


Dungeon Overview and Level Annotations

Branches:
Dungeon (2/15)

Altars:
Cheibriados
Kikubaaqudgha
Okawaru
Yredelemnul

Annotations:
D:2 Natasha


Innate Abilities, Weirdness & Mutations

Your plain brown scales are hard. (AC +5)
You cannot fit into any form of body armour.
You are cold-blooded and may be slowed by cold attacks.


Message History

The adder is moderately wounded.
The adder closely misses you.
You hit the adder but do no damage.
Your tail-slap misses the adder.
The adder is moderately wounded.
The adder bites you but does no damage. The adder closely misses you.
You closely miss the adder.
The adder is moderately wounded.
The adder misses you.
You hit the adder but do no damage.
The adder is moderately wounded.
The adder bites you but does no damage.
You hit the adder.
The adder is heavily wounded.
The adder bites you but does no damage.
You hit the adder.
Your tail-slap misses the adder.
The adder is severely wounded.
The adder barely misses you. The adder closely misses you.
You hit the adder.
The adder is almost dead.
The adder bites you but does no damage.
You hit the adder but do no damage.
Your tail-slap misses the adder.
The adder is almost dead.
The adder barely misses you.
You closely miss the adder.
Your tail-slap misses the adder.
The adder is almost dead.
The adder bites you but does no damage. The adder barely misses you.
You miss the adder.
The adder is almost dead.
The adder closely misses you.
You barely miss the adder.
Your tail-slap misses the adder.
The adder is almost dead.
The adder bites you but does no damage.
You closely miss the adder.
The adder is almost dead.
The adder misses you. The adder closely misses you.
You hit the adder.
Your weapon exudes an aura of protection.
You kill the adder!
You see here an adder corpse.
You butcher the adder corpse.
h - 5 chunks of flesh {@w0} (gained 2)
You see here an adder skeleton.
b - 2 rations (gained 1)
l - 2 grey potions (gained 1) Magic restored.
Found an escape hatch in the ceiling.
Found a stone staircase leading up.
f - 74 stones (gained 21)
There is an escape hatch in the ceiling here.
Marking area around Natasha as unsafe for travelling.
Natasha, Servant of Life and Death comes into view.
Natasha hisses angrily.
You see here a ring mail.
Casting: Flame Tongue (safe; 6% risk of failure)
Confirm with . or Enter, or press ? or * to list all spells.
Aiming: Flame Tongue (safe; 6% risk of failure)
Press: ? - help, Shift-Dir - straight line, f - Natasha
Aim: Natasha You miscast Flame Tongue.
You are very lightly contaminated with residual magic.
You have a brief vision of globes of primordial fire.
Natasha casts a spell at you.
You feel yourself slow down.
Casting: Flame Tongue (safe; 6% risk of failure)
Confirm with . or Enter, or press ? or * to list all spells.
Aiming: Flame Tongue (safe; 6% risk of failure)
Press: ? - help, Shift-Dir - straight line, f/p - Natasha
Aim: Natasha The flame tongue hits Natasha.
Natasha is lightly wounded.
Natasha claws you but does no damage.
Casting: Flame Tongue (safe; 6% risk of failure)
Confirm with . or Enter, or press ? or * to list all spells.
Aiming: Flame Tongue (safe; 6% risk of failure)
Press: ? - help, Shift-Dir - straight line, f/p - Natasha
Aim: Natasha (lightly wounded)
The flame tongue hits Natasha.
Natasha is heavily wounded.
Natasha casts a spell at you. The magic dart hits you!
You barely miss Natasha.
Natasha is heavily wounded.
Natasha completely misses you.
Natasha casts a spell.
You barely miss Natasha.
Natasha is heavily wounded.
The white imp hits you. The white imp freezes you. Natasha claws you!
You closely miss Natasha.
Natasha is heavily wounded.
The white imp hits you but does no damage.
Natasha claws you. The white imp gestures at you. The puff of frost misses you.
Natasha claws you.
* * * LOW HITPOINT WARNING * * *
You barely miss Natasha.
Natasha is heavily wounded.
Natasha claws you.
* * * LOW HITPOINT WARNING * * *
The white imp gestures at you. The puff of frost hits you!
You die...

#.#...............##..
# #.#...##.........
#.+# #
#................ #..
# ####รท####........
#.. #
..................<. #
..####.#####.###.... +
#.#####.###.#.#
#.#...5.<...# #
#.#.###@##### ..
.......h# #..
..#.####. .. .. #. ...
#. ## #### #. ... #.
###.#### ## ........
+.


You could see Natasha and a white imp.

Vanquished Creatures
  An adder (D:2)
  An ooze (D:1)
  A worm (D:2)
  4 dart slugs
  A giant cockroach (D:2)
  A goblin (D:1)
  4 hobgoblins
  3 ball pythons (D:1)
  6 bats (D:1)
  2 frilled lizards (D:1)
  4 kobolds
  3 rats
31 creatures vanquished.

Notes
Turn   | Place    | Note
-------+----------+-------------------------------------------
     0 | D:1      | sankara the Draconian Fire Elementalist began the quest for the Orb.
     0 | D:1      | Reached XP level 1. HP: 14/14 MP: 3/3
   301 | D:1      | Reached XP level 2. HP: 20/20 MP: 5/5
   837 | D:2      | Reached XP level 3. HP: 26/26 MP: 6/6
   926 | D:2      | Reached skill level 2 in Conjurations
  1007 | D:2      | Found an ancient bone altar of Kikubaaqudgha.
  1038 | D:2      | Found a basalt altar of Yredelemnul.
  1038 | D:2      | Found a snail-covered altar of Cheibriados.
  1071 | D:2      | Found an iron altar of Okawaru.
  1231 | D:2      | Noticed Natasha
  1237 | D:2      | HP: 5/26 [Natasha (4)]
  1238 | D:2      | HP: 2/26 [Natasha (3)]
  1238 | D:2      | Killed from afar by a white imp

Vault maps used:
D:1:      wheals_arrival_linesprint
D:2:      okawaru_trees_2, kiku_gazebo_pond_becter, grunt_temple_overflow_open,
          first_ration, uniq_natasha, uniq_jessica

Skill      XL: |  1  2  3 |
---------------+----------+-----
Conjurations   | 2 |  2.2
Dodging        | |  1.7
Stealth        | |  1.7
Spellcasting   | |  2.7
Fire Magic     | |  3.6

Action                   || total
-------------------------++-------
Melee: Dagger            ||   107
       Tailslap          ||     9
       Unarmed           ||     1
 Cast: Flame Tongue      ||    18
 Stab: Sleeping          ||     2
  Eat: Chunk             ||     1
Armor: Skin              ||    63
Dodge: Dodged            ||    88

Table legend:
 A = Spawn XP
 B = Non-spawn XP
 C = Spawn XP percentage of total XP
 D = Spawn monster count
 E = Non-spawn monster count
 F = Spawn count percentage of total count
 G = Total turns spent on level
                    A         B        C        D         E        F      G
               +---------+---------+-------+---------+---------+-------+---------
         Total |       0 |      78 |   0.0 |       0 |      31 |   0.0 |  1238
               +---------+---------+-------+---------+---------+-------+---------
           D:1 |       0 |      39 |   0.0 |       0 |      21 |   0.0 |   825
           D:2 |       0 |      39 |   0.0 |       0 |      10 |   0.0 |   413
               +---------+---------+-------+---------+---------+-------+---------

Vault maps used:
D:1:      wheals_arrival_linesprint
D:2:      okawaru_trees_2, kiku_gazebo_pond_becter, grunt_temple_overflow_open,
          first_ration, uniq_natasha, uniq_jessica

Table legend:
 A = Turns spent in this place as a percentage of turns spent in the entire game.
 B = Non-inter-level travel turns spent in this place as a percentage of non-inter-level travel turns spent in the entire game.
 C = Inter-level travel turns spent in this place as a percentage of turns spent in this place.
 D = Turns resting spent in this place as a percentage of non-inter-level travel turns spent in this place.
 E = Turns spent auto-exploring this place as a percentage of non-inter-level travel turns spent in this place.
 F = Non-inter-level travel turns spent in this place divided by the number of levels of this place that you've seen.
                   A       B       C       D       E      F
               +-------+-------+-------+-------+-------+----------------------
         Total | 100.0 | 100.0 |   2.3 |  14.5 |  58.7 | 604.5
       Dungeon | 100.0 | 100.0 |   2.3 |  14.5 |  58.7 | 604.5
               +-------+-------+-------+-------+-------+----------------------

Table legend:
 A = Kills in this place as a percentage of kills in entire the game.
 B = Kills by you in this place as a percentage of kills by you in the entire game.
 C = Kills by friends in this place as a percentage of kills by friends in the entire game.
 D = Other kills in this place as a percentage of other kills in the entire game.
 E = Experience gained in this place as a percentage of experience gained in the entire game.
 F = Experience gained in this place divided by the number of levels of this place that you have seen.
                   A       B       C       D       E      F
               +-------+-------+-------+-------+-------+----------------------
         Total | 100.0 | 100.0 |   N/A |   N/A | 100.0 |  39.0
       Dungeon | 100.0 | 100.0 |   N/A |   N/A | 100.0 |  39.0
               +-------+-------+-------+-------+-------+----------------------
